 Dungeon Crawl Stone Soup version 0.27-a0-887-gcab673c142 (webtiles) character file.

Game seed: 16007277303665295562

7993 Sludgeflow the Cleaver (level 11, -6/99 HPs)
             Began as a Minotaur Berserker on Apr 4, 2021.
             Was a High Priest of Trog.
             Mangled by an orc knight
             ... wielding a +0 great sword
              (23 damage)
             ... on level 9 of the Dungeon.
             The game lasted 01:39:06 (8709 turns).

Sludgeflow the Cleaver (Minotaur Berserker)         Turns: 8709, Time: 01:39:07

Health: -6/99      AC: 24    Str: 26    XL:     11   Next: 4%
Magic:  10/10      EV:  7    Int:  4    God:    Trog [*****.]
Gold:   521        SH:  9    Dex:  9    Spells: 10/10 levels left

rFire    . . .     SeeInvis .   I - +2 hand axe (vorpal)
rCold    . . .     Faith    .   v - +0 kite shield
rNeg     . . .     Spirit   .   q - +0 plate armour
rPois    .         Reflect  .   (helmet restricted)
rElec    .         Harm     .   u - +0 cloak
rCorr    .         Rampage  .   l - +0 pair of gloves
Will     .....                  n - +0 pair of boots
Stlth    ..........             (no amulet)
HPRegen  0.26/turn              m - +4 ring of protection
MPRegen  0.12/turn              (no ring)

@: berserk cooldown
A: horns 2, retaliatory headbutt, fangs 1, iridescent scales 1
a: Renounce Religion, Berserk, Trog's Hand, Brothers in Arms


You were on level 9 of the Dungeon.
You worshipped Trog.
Trog was extremely pleased with you.
You visited 2 branches of the dungeon, and saw 11 of its levels.

You collected 659 gold pieces.
You spent 138 gold pieces at shops.

Inventory:

Hand Weapons
 o - a +1 vampiric hand axe
 I - a +2 vorpal hand axe (weapon)
Missiles
 e - 208 stones
 i - 78 poisoned darts
 A - 6 curare-tipped darts
 D - 10 boomerangs (quivered)
 F - 3 throwing nets
Armour
 l - a +0 pair of gloves (worn)
 n - a +0 pair of boots (worn)
 q - a +0 plate armour (worn)
 u - a +0 cloak (worn)
 v - a +0 kite shield (worn)
Jewellery
 m - a +4 ring of protection (left hand)
Wands
 z - a wand of acid (11)
 G - a wand of digging (4)
Scrolls
 c - a scroll of enchant weapon {unknown}
 d - 3 scrolls of amnesia
 h - a scroll of vulnerability
 j - 4 scrolls of identify
 p - 5 scrolls of teleportation
 r - 2 scrolls of blinking
 t - a scroll of silence {unknown}
 y - a scroll of summoning {unknown}
 C - 2 scrolls of noise {unknown}
 E - a scroll of torment {unknown}
 H - a scroll of brand weapon {unknown}
 J - a scroll of enchant armour {unknown}
Potions
 a - 2 potions of heal wounds {unknown}
 b - 2 potions of degeneration
 f - 2 potions of brilliance
 g - a potion of ambrosia {unknown}
 k - 3 potions of mutation
 s - a potion of flight {unknown}
 w - a potion of might {unknown}
 x - 2 potions of magic {unknown}
 B - a potion of haste {unknown}


   Skills:
 + Level 9.9 Fighting
 * Level 12.9 Axes
 + Level 9.4 Armour
 + Level 8.5 Dodging
 + Level 2.6 Shields


You had 10 spell levels left.
You didn't know any spells.
Your spell library was empty.

Dungeon Overview and Level Annotations

Branches:
Dungeon (10/15)            Temple (1/1) D:4             Orc (0/2) D:10
   Lair: D:8-11

Altars:
Ashenzari
Cheibriados
Dithmenos
Elyvilon
Fedhas
Gozag
Hepliaklqana
Kikubaaqudgha
Makhleb
Nemelex Xobeh
Okawaru
Qazlal
Ru
Sif Muna
Trog
Uskayaw
Vehumet
Wu Jian
Xom
Yredelemnul
Zin
The Shining One
Beogh

Shops:
D:6 :*


Innate Abilities, Weirdness & Mutations

You have a pair of horns on your head.
You reflexively headbutt those who attack you in melee.
You have very sharp teeth.
You are partially covered in iridescent scales. (AC +2)


Message History

The orc priest no longer looks unusually strong.
Your troll bites the orc warrior.
Your troll barely misses the orc warrior.
Your troll claws the orc warrior but does no damage.
The orc warrior hits your troll with a +0 dire flail!
Something misses your troll.
Your troll bites the orc warrior!!
The orc warrior dies!
Trog accepts your kill. Something hits your troll!
Okay, then.
Your troll is no longer berserk.
Your troll bites the orc priest!
Your troll claws the orc priest!
The orc priest dies!
Trog accepts your kill. The orc completely misses your troll.
The orc knight hits your troll with a +0 great sword!!
Your troll dies!
Your troll's corpse disappears in a puff of smoke!
The orc knight roars a battlecry!
The orcs go into a battle-frenzy!
You block the orc knight's attack. You block the orc knight's attack.
The orc no longer looks unusually strong. x2
The orc knight roars a battlecry!
The orcs go into a battle-frenzy!
You feel yourself speed up.
The orc warrior no longer looks unusually strong.
There is an escape hatch in the ceiling here.
You hit the orc knight but do no damage.
You headbutt the orc knight, but do no damage.
You block the orc knight's attack.
You hit the orc knight but do no damage.
You headbutt the orc knight, but do no damage.
The orc knight hits you with a +0 great sword.
* * * LOW HITPOINT WARNING * * *
You can't go down here!
You block the orc knight's attack. A mysterious force pulls you upwards.
The hatch slams shut behind you.
The orc knight hits you with a +0 great sword!!
You die...

..#................#.# #....#....
#.#................#.# #....#....
#.#................#.# #....#....
#.#................#.# #....#....
..#..........<.....#.###....#....
..##'###########...#........#####
..'....##....###...####'#########
..#.................##...........
#.#............o@...##...........
#.#.................##...........
#.#.................##...........
#.#...............).##...........
..#'#..##.....##....###'#########
....#..#########...)#............
....#..............)'............
....#..............)#...#######..
....#........>......#...#######..


You could see an orc knight.

Vanquished Creatures
  A manticore (D:10)
  An unseen horror (D:10)
  2 trolls
  A blink frog (shapeshifter) (D:8)
  A shadow (D:10)
  2 wraiths (D:9)
  15 yaks
  A human (shapeshifter) (D:8)
  A steam dragon (D:6)
  A steam dragon (shapeshifter) (D:9)
  2 black bears (D:4)
  3 orc warriors
  A necrophage (D:6)
  4 centaurs
  2 gnoll sergeants
  3 kobold brigands
  2 bullfrogs
  2 scorpions
  7 killer bees
  6 wights
  3 howler monkeys (D:10)
  An electric eel (D:10)
  A bullfrog zombie (D:6)
  2 jellies
  A hound (D:4)
  7 orc priests
  A centaur skeleton (D:7)
  A bullfrog skeleton (D:6)
  6 iguanas
  6 orc wizards
  A centaur simulacrum (D:9)
  Robin (D:2)
  6 adders
  13 gnolls
  A shadow imp (D:5)
  2 white imps
  An adder zombie (D:5)
  An adder skeleton (D:4)
  A worm (D:2)
  3 dart slugs
  33 orcs
  5 ball pythons
  5 endoplasms
  5 giant cockroaches
  4 hobgoblins
  6 jackals
  3 quokkas
  4 bats
  A frilled lizard (D:1)
  9 goblins (D:2)
  20 kobolds
  A quokka skeleton (D:4)
  3 rats
216 creatures vanquished.

Vanquished Creatures (collateral kills)
  An orc knight (D:10)
  5 orc warriors (D:10)
  An orc priest (D:10)
  2 orcs (D:10)
9 creatures vanquished.

Grand Total: 225 creatures vanquished

Notes
Turn   | Place    | Note
-------+----------+-------------------------------------------
     0 | D:1      | Sludgeflow the Minotaur Berserker began the quest for the
                  | Orb.
     0 | D:1      | Reached XP level 1. HP: 19/19 MP: 0/0
    94 | D:1      | Reached XP level 2. HP: 9/27 MP: 1/1
   106 | D:1      | Reached skill level 4 in Axes
  1154 | D:2      | Found a shimmering blue altar of Sif Muna.
  1156 | D:2      | Reached ** piety under Trog
  1157 | D:2      | Reached XP level 3. HP: 33/33 MP: 2/2
  1286 | D:2      | Noticed Robin
  1288 | D:2      | Reached XP level 4. HP: 33/41 MP: 3/3
  1307 | D:2      | Killed Robin
  2207 | D:3      | Reached skill level 5 in Axes
  2315 | D:3      | Gained mutation: You are partially covered in iridescent
                  | scales. (AC +2) [potion of mutation]
  2315 | D:3      | Gained mutation: You are dopey. (Int -2) [potion of
                  | mutation]
  2315 | D:3      | Gained mutation: You have very sharp teeth. [potion of
                  | mutation]
  2315 | D:3      | Lost mutation: You are dopey. (Int -2) [potion of mutation]
  2441 | D:4      | Reached XP level 5. HP: 32/47 MP: 4/4
  2451 | D:4      | Found a staircase to the Ecumenical Temple.
  2592 | D:4      | Reached *** piety under Trog
  2600 | D:4      | Reached skill level 5 in Fighting
  2668 | D:4      | Noticed a black bear
  2677 | D:4      | Killed a black bear
  2678 | D:4      | Reached skill level 6 in Axes
  2678 | D:4      | Reached XP level 6. HP: 56/56 MP: 5/5
  2762 | D:4      | Found a glowing silver altar of Zin.
  2885 | D:4      | Found a shimmering blue altar of Sif Muna.
  2897 | D:4      | Reached XP level 7. HP: 44/61 MP: 6/6
  2993 | D:4      | Found a sparkling altar of Nemelex Xobeh.
  3000 | D:4      | Found an iron altar of Okawaru.
  3002 | D:4      | Found a white marble altar of Elyvilon.
  3043 | D:4      | Reached skill level 7 in Axes
  3270 | D:4      | Found a stormy altar of Qazlal.
  3425 | Temple   | Entered the Ecumenical Temple
  3564 | D:5      | Entered Level 5 of the Dungeon
  3675 | D:5      | Reached skill level 5 in Armour
  3909 | D:5      | Found a blossoming altar of Fedhas.
  4534 | D:6      | Reached skill level 8 in Axes
  4534 | D:6      | Reached skill level 5 in Dodging
  4534 | D:6      | Reached XP level 8. HP: 71/71 MP: 7/7
  4698 | D:6      | Found Sepsirar's Book Emporium.
  4871 | D:6      | Reached **** piety under Trog
  4907 | D:6      | Found Hubak's Assorted Antiques.
  4920 | D:6      | Bought a viscous puce potion for 18 gold pieces
  4920 | D:6      | Bought a scroll labelled ENGIDO KEQENAM for 20 gold pieces
  4920 | D:6      | Bought a scroll labelled VUIKKI GOIFUIL for 20 gold pieces
  4920 | D:6      | Bought a scroll of identify for 40 gold pieces
  4920 | D:6      | Bought a scroll of identify for 40 gold pieces
  5222 | D:7      | Reached skill level 9 in Axes
  5261 | D:7      | You fall into a shaft and drop 1 floor!
  5875 | D:8      | Found an ornate altar of the Wu Jian Council.
  5909 | D:8      | Found a shimmering altar of Xom.
  5909 | D:8      | Found a shimmering altar of Xom.
  5911 | D:8      | Found a shimmering altar of Xom.
  5912 | D:8      | Found a shimmering altar of Xom.
  5912 | D:8      | Found a shimmering altar of Xom.
  5949 | D:8      | Reached XP level 9. HP: 79/79 MP: 8/8
  6195 | D:8      | Found a shimmering altar of Xom.
  6226 | D:8      | Reached skill level 10 in Axes
  6543 | D:9      | Noticed a troll
  6555 | D:9      | Killed a troll
  6730 | D:9      | Reached ***** piety under Trog
  6743 | D:9      | Reached skill level 11 in Axes
  6765 | D:9      | HP: 4/123 [gnoll/+0 spear (4)]
  6768 | D:9      | HP: 1/123 [poisoned by a killer bee]
  7018 | D:9      | Found a transporter.
  7020 | D:9      | Found a shadowy altar of Dithmenos.
  7060 | D:9      | Reached XP level 10. HP: 81/90 MP: 9/9
  7167 | D:9      | Found a transporter.
  7591 | D:10     | Entered Level 10 of the Dungeon
  7591 | D:10     | Found an opulent altar of Gozag.
  7642 | D:10     | Reached skill level 12 in Axes
  7872 | D:10     | Noticed a manticore
  7886 | D:10     | Killed a manticore
  7887 | D:10     | Reached skill level 1 in Shields
  8642 | D:10     | Found a staircase to the Orcish Mines.
  8642 | D:10     | Noticed an orc knight
  8662 | D:10     | Killed an orc knight
  8664 | D:10     | Reached XP level 11. HP: 50/99 MP: 10/10
  8675 | D:10     | Noticed an orc knight
  8709 | D:9      | Mangled by an orc knight

Illustrated notes

Levels and vault maps discovered:
D:1:      scummos_arrival_forest, layout_loops_ring
D:2:      layout_rooms, basic_altar, minmay_misc_feat_iff, item_on_display_a,
          uniq_robin
D:3:      layout_basic, serial_park_tiny_pond
D:4:      layout_rooms, overflow_temple_1_default,
          nicolae_qazlal_general_emergency, lemuel_crystal_altar,
          grunt_temple_overflow_open
D:5:      layout_loops_corners, fedhas_altar_fruit_tree
D:6:      layout_rooms, serial_shops, shop, shop_fountains
D:7:      layout_rooms
D:8:      layout_rooms, nzn_wu_jian_council_hall, xom_shifter_show
D:9:      layout_stronghold, gammafunk_temple_overflow_arena
D:10:     layout_loops_corners, nicolae_gozag_seed_capital, david_orc_5,
          fountainhead, minivault_22, dk_noncrumbling_3, minivault_16,
          hangedman_decor_push, uniq_gastronok
Temple:   jpeg_temple_clearing

Skill      XL: |  1  2  3  4  5  6  7  8  9 10 |
---------------+-------------------------------+-----
Axes           | 4 5 6 8 9 11 12 | 12.9
Fighting       | 4 5 6 7 8 9 |  9.9
Armour         | 3 4 5 6 8 9 |  9.4
Dodging        | 3 4 5 6 7 8 |  8.5
Shields        | 2 |  2.6

Action                   |  1- 3 |  4- 6 |  7- 9 | 10-12 || total
-------------------------+-------+-------+-------+-------++-------
Melee: Hand axe          |    65 |   125 |   317 |   160 ||   667
       Headbutt          |     6 |    29 |    65 |    41 ||   141
       Bite              |       |     5 |    31 |    22 ||    58
Invok: Berserk           |     1 |       |     2 |     2 ||     5
       Trog's Hand       |       |       |     1 |       ||     1
       Brothers in Arms  |       |       |       |     1 ||     1
Evoke: Wand              |       |       |     1 |       ||     1
  Use: Scroll            |       |     3 |     1 |     1 ||     5
       Potion            |       |     2 |     2 |       ||     4
Armor: Animal skin       |     1 |       |       |       ||     1
       Ring mail         |    12 |    10 |       |       ||    22
       Scale mail        |       |    25 |    10 |       ||    35
       Plate armour      |       |       |   251 |   144 ||   395
Dodge: Dodged            |    27 |    73 |   125 |    35 ||   260
Block: Kite shield       |       |       |   110 |    64 ||   174

Table legend: (Time is in decaauts)
 A = Elapsed time spent in this place.
 B = Non-inter-level travel time spent in this place.
 C = Inter-level travel time spent in this place.
 D = Time resting spent in this place.
 E = Time spent auto-exploring this place.
 F = Levels seen in this place.
 G = Mean time per level.
                   A        B        C        D        E       F      G
               +--------+--------+--------+--------+--------+-----+--------+
         Total |   8787 |   8514 |    273 |    624 |   5476 |  11 |  798.8 |
       Dungeon |   8656 |   8383 |    273 |    624 |   5420 |  10 |  865.6 |
        Temple |    130 |    130 |      0 |      0 |     56 |   1 |  130.0 |
               +--------+--------+--------+--------+--------+-----+--------+

Top non-repeatable levels by time:
     D:9: 1391 daAuts
    D:10: 1122 daAuts
     D:4: 1015 daAuts
     D:1: 996 daAuts
     D:5: 940 daAuts
     D:2: 830 daAuts
     D:7: 613 daAuts
     D:3: 605 daAuts
     D:6: 596 daAuts
     D:8: 543 daAuts
  Temple: 130 daAuts
